[Event "Titled Tuesday Blitz March 01 Early 2022"]
[White "Joubert, Dantelle"]
[Black "Yushko, Olga"]
[WhiteFideId "14310813"]
[BlackFideId "14114500"]
[WhiteElo "1507"]
[BlackElo "2028"]
[Result "0-1"]
[Round "08"]
[TimeControl "180+1"]
[Date "2022.03.01"]
[WhiteClock "0:00:14"]
[BlackClock "0:01:30"]

1. Nf3 e6 2. c4 f5 3. d4 Nf6 4. g3 d6 5. Bg2 Be7 6. O-O O-O 7. Nc3 Qe8 8. b3 a5 9. Bb2 Qh5 10. e3 Nc6 11. d5 Nd8 12. dxe6 Nxe6 13. Nd5 Bd8 14. Bxf6 Bxf6 15. Nxf6+ Rxf6 16. Nd4 Qh6 17. Nxe6 Rxe6 18. Bd5 Kf8 19. Bxe6 Bxe6 20. Qf3 c6 21. e4 Qg5 22. exf5 Bxf5 23. Rad1 Rd8 24. h4 Qg6 25. Rd4 Kg8 26. g4 Bc2 27. Qf4 d5 28. cxd5 cxd5 29. Rc1 Be4 30. Re1 Rf8 31. Qg5 Qb6 32. Rxd5 Qxf2# 0-1


[Site "https://www.chess.com"]

[Event "Titled Tuesday Blitz March 01 Early 2022"]
[White "Kadam, Om Manish"]
[Black "Shubenkova, Veronika"]
[WhiteFideId "45076294"]
[BlackFideId "44124040"]
[WhiteElo "1729"]
[BlackElo "1938"]
[Result "1/2-1/2"]
[Round "08"]
[TimeControl "180+1"]
[Date "2022.03.01"]
[WhiteClock "0:00:24"]
[BlackClock "0:00:36"]

1. e4 e6 2. d4 d5 3. Nd2 c5 4. exd5 Qxd5 5. Ngf3 Nf6 6. Bc4 Qd8 7. O-O cxd4 8. Qe2 Nc6 9. Nb3 a6 10. a4 Be7 11. Rd1 Qc7 12. Nbxd4 Nxd4 13. Rxd4 O-O 14. Bf4 Qb6 15. Bb3 Bc5 16. Rd3 Bd7 17. Ne5 Bc6 18. a5 Qb4 19. Be3 Bxe3 20. Qxe3 Bd5 21. Ra4 Qe7 22. Bxd5 Nxd5 23. Qg3 f5 24. Rad4 Rac8 25. c4 Qb4 26. Nf3 Nf6 27. Qe5 Qxb2 28. Qxe6+ Kh8 29. h3 Ne4 30. Qxc8 Qxf2+ 31. Kh2 Qg3+ 32. Kg1 Qf2+ 33. Kh2 Qg3+ 34. Kh1 Nf2+ 35. Kg1 Nxh3+ 36. Kh1 Nf2+ 37. Kg1 Nh3+ 38. Kh1 Nf2+ 39. Kg1 Nh3+ 1/2-1/2


[Site "https://www.chess.com"]

[Event "Titled Tuesday Blitz March 01 Early 2022"]
[White "Kanyamarala, Tarun"]
[Black "Makhnev, Denis"]
[WhiteFideId "45004714"]
[BlackFideId "13707647"]
[WhiteElo "2144"]
[BlackElo "2491"]
[Result "1-0"]
[Round "08"]
[TimeControl "180+1"]
[Date "2022.03.01"]
[WhiteClock "0:00:02"]
[BlackClock "0:00:02"]

1. d4 d5 2. c4 c6 3. Nf3 Nf6 4. Qb3 dxc4 5. Qxc4 Bf5 6. g3 Nbd7 7. Bg2 e6 8. O-O Be7 9. Rd1 O-O 10. e3 Rc8 11. Qe2 Ne4 12. Nc3 Qa5 13. Bd2 Nxd2 14. Rxd2 Bb4 15. Rc1 Nf6 16. Nh4 Bg4 17. f3 Bh5 18. g4 Bg6 19. Nxg6 hxg6 20. a3 Be7 21. g5 Qxg5 22. f4 Qh5 23. Bf3 Qh4 24. Kh1 Rfd8 25. b4 a5 26. bxa5 Bxa3 27. Rb1 Rc7 28. Ra2 Bf8 29. a6 bxa6 30. Rxa6 c5 31. Nb5 Rcd7 32. Bc6 Re7 33. dxc5 Ng4 34. Bf3 Nf2+ 35. Kg2 Nd3 36. c6 Nc5 37. Ra2 Rb8 38. Rc2 Na6 39. Rbc1 Nc7 40. Nxc7 Rxc7 41. Rd1 g5 42. Qf2 Qxf2+ 43. Kxf2 gxf4 44. exf4 Be7 45. Be4 Kf8 46. f5 exf5 47. Bxf5 g6 48. Bd7 Rb4 49. Re2 Ra7 50. Kg2 Rc4 51. Rde1 Bd6 52. Re8+ Kg7 53. R1e2 Ra3 54. Rc8 Rac3 55. Rce8 Rc2 56. h3 Rxe2+ 57. Rxe2 Kf6 58. Rf2+ Ke7 59. Re2+ Kf6 60. Rf2+ Ke7 61. Ra2 Kf6 62. Rd2 Ke7 63. Rd5 Bc7 64. Rd1 f5 65. Re1+ Kd6 66. Re6+ Kd5 67. Rxg6 Rc3 68. Bxf5 Ke5 69. Bd7 Kf4 70. Rg4+ Ke5 71. h4 Kd6 72. h5 Rc5 73. h6 Rh5 74. Rg6+ Ke7 75. Kf3 Kf7 76. Re6 1-0


[Site "https://www.chess.com"]

[Event "Titled Tuesday Blitz March 01 Early 2022"]
[White "Kaplan, Ebru"]
[Black "Sikorova, Olga"]
[WhiteFideId "6315194"]
[BlackFideId "307033"]
[WhiteElo "1941"]
[BlackElo "2187"]
[Result "0-1"]
[Round "08"]
[TimeControl "180+1"]
[Date "2022.03.01"]
[WhiteClock "0:01:05"]
[BlackClock "0:02:18"]

1. e4 e6 2. d4 d5 3. e5 c5 4. c3 Nc6 5. Nf3 Bd7 6. Be2 Nge7 7. Na3 cxd4 8. cxd4 Nf5 9. Nc2 Be7 10. O-O O-O 11. a3 f6 12. exf6 Bxf6 13. Bf4 Be8 14. Qd2 Qb6 15. Be5 Bxe5 16. dxe5 Bh5 17. b4 Bxf3 18. Bxf3 Nxe5 19. Bxd5 Rad8 20. Bxe6+ Qxe6 21. Qc3 Nh4 0-1


[Site "https://www.chess.com"]

[Event "Titled Tuesday Blitz March 01 Early 2022"]
[White "Karabalis, Harilos"]
[Black "Muhammed, Shuaau"]
[WhiteFideId "4621808"]
[BlackFideId "16700406"]
[WhiteElo "2168"]
[BlackElo "1674"]
[Result "1-0"]
[Round "08"]
[TimeControl "180+1"]
[Date "2022.03.01"]
[WhiteClock "0:00:02"]
[BlackClock "0:00:09"]

1. e4 e5 2. Nf3 Nc6 3. Bb5 a6 4. Ba4 Nf6 5. O-O Be7 6. d3 d6 7. c3 b5 8. Bc2 O-O 9. h3 Bb7 10. Re1 Nb8 11. Nbd2 c5 12. Nf1 Nbd7 13. Ng3 g6 14. Bg5 Re8 15. Qd2 Kh8 16. d4 Ng8 17. dxc5 Nxc5 18. Rad1 f6 19. Be3 Qc7 20. b4 Nd7 21. Bb3 Nb6 22. Bxb6 Qxb6 23. c4 Rec8 24. cxb5 Qxb5 25. Rc1 a5 26. bxa5 Qxa5 27. Rxc8 Bxc8 28. Qd1 Bb7 29. Re3 Nh6 30. Rd3 f5 31. Rxd6 Bxd6 32. Qxd6 Ng8 33. Nxe5 Bxe4 34. Nxe4 fxe4 35. Nf7+ Kg7 36. Ng5 Qe1+ 37. Kh2 Qxf2 38. Qd7+ Kh6 39. Nf7+ Kg7 40. Ne5+ Kh8 41. Nf7+ Kg7 42. Ng5+ Kf6 43. Nxe4+ Ke5 44. Nxf2 Kf4 45. Qd5 Ra4 46. g3+ Ke3 47. Ng4+ Ke2 48. Qd1# 1-0


[Site "https://www.chess.com"]

[Event "Titled Tuesday Blitz March 01 Early 2022"]
[White "Kett, Tim"]
[Black "Chernomordik, Pavel"]
[WhiteFideId "1801210"]
[BlackFideId "2804530"]
[WhiteElo "2098"]
[BlackElo "2249"]
[Result "1/2-1/2"]
[Round "08"]
[TimeControl "180+1"]
[Date "2022.03.01"]
[WhiteClock "0:00:09"]
[BlackClock "0:00:02"]

1. e4 g6 2. d4 Bg7 3. Nc3 d6 4. h4 h6 5. f4 h5 6. Nf3 Nh6 7. Be3 a6 8. Qd2 b5 9. O-O-O Bb7 10. e5 Ng4 11. Ng5 e6 12. Nce4 Bd5 13. Kb1 Nc6 14. Be2 Nh6 15. Bf3 Nf5 16. g4 Nxe3 17. Qxe3 hxg4 18. Bxg4 Ne7 19. h5 Nf5 20. Qe1 gxh5 21. Rxh5 Rxh5 22. Bxh5 Nh6 23. Nxf7 Nxf7 24. Ng5 Kd7 25. Bxf7 Bh6 26. exd6 Bxg5 27. fxg5 Qxg5 28. dxc7 Rf8 29. Qf2 Qe7 30. Rf1 Kxc7 31. Qg3+ Kb6 32. Qg7 Bc4 33. Rf6 Qd8 34. b3 Bd5 35. Bxe6 Qxf6 36. Qxf6 Rxf6 37. Bxd5 Rf4 38. c3 b4 39. cxb4 Rxd4 40. Bc4 Rd2 41. a4 Rf2 42. Kc1 a5 43. bxa5+ Kxa5 44. Kd1 Kb4 45. Ke1 Rb2 46. Kf1 Ra2 47. Kg1 Kc3 48. Kf1 Kd4 49. Ke1 Ke3 50. Kf1 Kf3 51. Kg1 Ra1+ 52. Kh2 Ra2+ 53. Kh3 Ra1 54. Kh4 Kf4 55. Kh5 Kf5 56. Kh4 Kf4 57. Kh3 Kf3 58. Kh4 Kf4 1/2-1/2


[Site "https://www.chess.com"]

[Event "Titled Tuesday Blitz March 01 Early 2022"]
[White "Korchmar, Vasiliy"]
[Black "Yurtseven, Melih"]
[WhiteFideId "24131750"]
[BlackFideId "6312160"]
[WhiteElo "2370"]
[BlackElo "2160"]
[Result "1-0"]
[Round "08"]
[TimeControl "180+1"]
[Date "2022.03.01"]
[WhiteClock "0:00:12"]
[BlackClock "0:00:02"]

1. e4 c5 2. Nf3 Nc6 3. d4 cxd4 4. Nxd4 Nf6 5. Nc3 d6 6. Be2 e5 7. Nb3 Be7 8. O-O O-O 9. Be3 a5 10. a4 Nb4 11. Bf3 Be6 12. Nd5 Bxd5 13. exd5 e4 14. Be2 Nbxd5 15. Bd4 Nb4 16. Qd2 Nc6 17. Bc3 d5 18. Bb5 Nb4 19. Rfd1 Qc7 20. Bxf6 Bxf6 21. c3 Nd3 22. Bxd3 exd3 23. Qxd3 Rfd8 24. Qb5 Rd6 25. Rd2 Be7 26. Rad1 Rb6 27. Qxd5 g6 28. Nd4 Rd8 29. Qf3 Qc8 30. Nb5 Rf6 31. Qe4 Rxd2 32. Rxd2 Bc5 33. Nd4 Kg7 34. g3 Qc7 35. Kg2 Qb6 36. h4 Rd6 37. Qe5+ f6 38. Qe7+ Kg8 39. Qe8+ Kg7 40. Qe7+ Kg8 41. Ne6 Qc6+ 42. Kh2 Rd7 43. Qe8+ Bf8 44. Qxf8# 1-0


[Site "https://www.chess.com"]

[Event "Titled Tuesday Blitz March 01 Early 2022"]
[White "Kosakowski, Jakub"]
[Black "Mkrtchyan, Mariam"]
[WhiteFideId "1185080"]
[BlackFideId "13310828"]
[WhiteElo "2476"]
[BlackElo "1984"]
[Result "1-0"]
[Round "08"]
[TimeControl "180+1"]
[Date "2022.03.01"]
[WhiteClock "0:00:03"]
[BlackClock "0:00:04"]

1. b3 c5 2. Bb2 Nc6 3. g3 d5 4. Bg2 Nf6 5. Nf3 Bf5 6. d4 e6 7. O-O Be7 8. Nbd2 O-O 9. c4 Rc8 10. Rc1 dxc4 11. Nxc4 Be4 12. dxc5 Bxc5 13. Ncd2 Bxf3 14. Nxf3 Qb6 15. e3 Rfd8 16. Qe2 Nb4 17. Rc4 Nfd5 18. a3 Nc6 19. e4 Nf6 20. Rfc1 Na5 21. Bxf6 gxf6 22. R4c3 Nxb3 23. R1c2 Rc6 24. h4 Nd4 25. Nxd4 Bxd4 26. Rxc6 bxc6 27. Kh2 c5 28. Rd2 Rb8 29. Qg4+ Kh8 30. Qf4 e5 31. Qf5 Qe6 32. Qf3 Rb3 33. Qe2 a5 34. Bh3 Qe7 35. Bf5 Qf8 36. Qc4 Rc3 37. Qd5 h6 38. Rb2 Rf3 39. Rb7 Rxf2+ 40. Kh3 Qg7 41. Rxf7 Qg8 42. Qe6 Rf3 43. Qxf6+ Qg7 44. Qxg7# 1-0


[Site "https://www.chess.com"]

[Event "Titled Tuesday Blitz March 01 Early 2022"]
[White "Kouskoutis, Georgios-Alexandros"]
[Black "Kohler, Aran"]
[WhiteFideId "4234049"]
[BlackFideId "1002856"]
[WhiteElo "2130"]
[BlackElo "2262"]
[Result "1-0"]
[Round "08"]
[TimeControl "180+1"]
[Date "2022.03.01"]
[WhiteClock "0:00:07"]
[BlackClock "0:00:13"]

1. c4 c6 2. g3 d5 3. Bg2 Nf6 4. Nf3 Bf5 5. Qb3 Qb6 6. d3 Qxb3 7. axb3 e6 8. Nh4 Bg6 9. h3 Na6 10. O-O Nc5 11. Nd2 dxc4 12. bxc4 Ncd7 13. Ndf3 Be7 14. Be3 a6 15. Rfb1 O-O 16. b4 Rfc8 17. g4 Ne8 18. Nxg6 hxg6 19. Nd2 e5 20. b5 axb5 21. Rxa8 Rxa8 22. cxb5 cxb5 23. Bxb7 Rb8 24. Bc6 Ndf6 25. Rxb5 Rxb5 26. Bxb5 Nd6 27. Bc6 Nfe8 28. Bc5 Bd8 29. Nc4 Nxc4 30. dxc4 Nc7 31. Bd6 f6 32. Bd5+ Nxd5 33. cxd5 Kf7 34. e4 Bb6 35. Kf1 f5 36. f3 Kf6 37. Ke2 Kg5 38. Bxe5 fxg4 39. hxg4 Kh6 40. Kd3 Kg5 41. Bd4 Bc7 42. e5 Kf4 43. d6 Bd8 44. e6 Kxf3 45. e7 Kxg4 46. exd8=Q Kh5 47. Qe7 Kh6 48. d7 Kh7 49. d8=Q g5 50. Qxg7# 1-0


[Site "https://www.chess.com"]

[Event "Titled Tuesday Blitz March 01 Early 2022"]
[White "Kozak, Antoni"]
[Black "Piesik, Piotr"]
[WhiteFideId "21832030"]
[BlackFideId "1136194"]
[WhiteElo "2232"]
[BlackElo "2232"]
[Result "1-0"]
[Round "08"]
[TimeControl "180+1"]
[Date "2022.03.01"]
[WhiteClock "0:00:08"]
[BlackClock "0:00:16"]

1. Nf3 g6 2. c4 Bg7 3. Nc3 d6 4. d4 Nc6 5. d5 Ne5 6. e4 Nxf3+ 7. Qxf3 Nf6 8. h3 O-O 9. Bd3 Nd7 10. Qd1 c6 11. O-O Ne5 12. Be2 cxd5 13. cxd5 a6 14. Be3 b5 15. Bd4 Bd7 16. f4 Nc4 17. Bxg7 Kxg7 18. Qd4+ Kg8 19. Bxc4 bxc4 20. e5 Rb8 21. exd6 exd6 22. Ne4 f5 23. Nxd6 Bb5 24. Nxc4 Bxc4 25. Qxc4 Rxb2 26. d6+ Kg7 27. Rad1 Qf6 28. Qc7+ Kh6 29. d7 Rd8 30. Rfe1 Qh4 31. Qc6 Rxd7 32. Qa8 Qf2+ 33. Kh1 Rxd1 34. Rxd1 Rxa2 35. Rg1 Qxf4 36. Qf8+ Kh5 37. Qf7 h6 38. Qxa2 1-0


[Site "https://www.chess.com"]

[Event "Titled Tuesday Blitz March 01 Early 2022"]
[White "Krishnan, Varun"]
[Black "Li, Ben"]
[WhiteFideId "5054508"]
[BlackFideId "2089980"]
[WhiteElo "2600"]
[BlackElo "2267"]
[Result "0-1"]
[Round "08"]
[TimeControl "180+1"]
[Date "2022.03.01"]
[WhiteClock "0:00:05"]
[BlackClock "0:00:19"]

1. e4 e5 2. Nf3 Nf6 3. Nxe5 d6 4. Nf3 Nxe4 5. Nc3 Nxc3 6. dxc3 Be7 7. Bf4 O-O 8. Qd2 Nd7 9. O-O-O Nc5 10. h4 Ne4 11. Qe3 Nf6 12. Bd3 c5 13. h5 Re8 14. Qd2 Be6 15. c4 b5 16. cxb5 a6 17. Ng5 Bxa2 18. bxa6 c4 19. Bg6 c3 20. Qxc3 fxg6 21. hxg6 hxg6 22. b3 Qd7 23. Rh4 Rec8 24. Rdh1 Nh5 25. Qd3 Bxg5 26. Bxg5 Qf7 27. g4 Bxb3 28. gxh5 Bxc2 29. hxg6 Bxd3+ 30. Kd1 Qb3+ 31. Kd2 Rc2+ 32. Ke3 Re8+ 33. Kf4 Bxg6 34. Rh8+ Kf7 35. Rxe8 Kxe8 0-1


[Site "https://www.chess.com"]

[Event "Titled Tuesday Blitz March 01 Early 2022"]
[White "Krylov, Ivan"]
[Black "Ardila, Oscar Humberto"]
[WhiteFideId "24128066"]
[BlackFideId "4404742"]
[WhiteElo "2258"]
[BlackElo "1898"]
[Result "0-1"]
[Round "08"]
[TimeControl "180+1"]
[Date "2022.03.01"]
[WhiteClock "0:00:05"]
[BlackClock "0:00:17"]

1. e4 e5 2. Nf3 Nc6 3. Bb5 Nf6 4. d3 Bc5 5. h3 O-O 6. c3 d6 7. Nbd2 a6 8. Ba4 b5 9. Bb3 Ne7 10. Nf1 Ng6 11. Ng3 h6 12. O-O Be6 13. Bc2 Bb6 14. d4 c5 15. d5 Bd7 16. Nh2 c4 17. Kh1 Nf4 18. Bxf4 exf4 19. Ne2 g5 20. Nd4 Qe7 21. Qe2 Rfe8 22. Rae1 Bxd4 23. cxd4 Nxd5 24. Qh5 Nb4 25. Bb1 Qf6 26. e5 dxe5 27. dxe5 Qg7 28. Ng4 Bxg4 29. Qxg4 Rxe5 30. Rxe5 Qxe5 31. Qh5 Qf6 32. Rd1 Re8 33. Kh2 f3 34. Qxf3 Qxf3 35. gxf3 Re2 36. Kg3 Rxb2 37. a3 Na2 38. Be4 Nc3 39. Rd8+ Kg7 40. Bb7 a5 41. Ba6 Rb3 42. Rb8 h5 43. Rb6 Ne2+ 44. Kg2 Nd4 45. a4 bxa4 46. Rd6 Nf5 47. Rd5 Nh4+ 48. Kf1 Nxf3 49. Bxc4 Rb1+ 50. Ke2 Ng1+ 51. Ke3 f6 52. Rxa5 Rb4 53. Ra7+ Kf8 54. Bd3 Nxh3 55. Ra8+ Ke7 56. Ra7+ Kd6 57. Ra6+ Ke5 58. Bf1 Nf4 59. f3 Nd5+ 60. Kf2 Rb2+ 61. Be2 Nc3 62. Ke3 Rxe2+ 63. Kd3 Rf2 64. Kxc3 Rxf3+ 65. Kc4 Rf4+ 66. Kc3 h4 67. Ra5+ Ke6 68. Kd3 h3 69. Ra8 h2 70. Rh8 Rh4 71. Re8+ Kf5 0-1


[Site "https://www.chess.com"]

[Event "Titled Tuesday Blitz March 01 Early 2022"]
[White "Krysa, Leandro"]
[Black "Kirillov, Dmitry"]
[WhiteFideId "116807"]
[BlackFideId "34180572"]
[WhiteElo "2490"]
[BlackElo "2076"]
[Result "0-1"]
[Round "08"]
[TimeControl "180+1"]
[Date "2022.03.01"]
[WhiteClock "0:00:01"]
[BlackClock "0:00:18"]

1. e4 c5 2. Nf3 e6 3. d4 cxd4 4. Nxd4 Nf6 5. Nc3 d6 6. g4 h6 7. h4 Nc6 8. Rg1 d5 9. exd5 Nxd5 10. Nxd5 exd5 11. Be3 Be7 12. g5 hxg5 13. hxg5 Qa5+ 14. c3 Bd7 15. Qb3 O-O-O 16. O-O-O Nxd4 17. Rxd4 Bc6 18. Kb1 Bc5 19. Rf4 Bxe3 20. fxe3 Kb8 21. Qb4 Qxb4 22. cxb4 a6 23. Rxf7 d4 24. exd4 Rxd4 25. Bg2 Rg4 26. Rxg7 Bxg2 27. Ka1 Be4 28. Re1 Rh2 29. a3 Bd5 30. Rd7 Rxg5 31. Rd1 Rd2 32. Rc1 Rgg2 33. Re1 Bc6 34. Rxd2 Rxd2 35. Rc1 Bd5 36. Re1 Bb3 37. Rc1 Ka7 38. Kb1 Kb6 39. Re1 Rd1+ 40. Rxd1 Bxd1 41. Kc1 Ba4 42. Kd2 Kc6 43. Kc3 Kd5 44. Kd3 Bb5+ 45. Kc3 Bf1 46. Kb3 Kd4 47. Ka4 b6 48. Kb3 Bc4+ 49. Kc2 Bd3+ 50. Kd2 Bf5 51. Kc1 Kc4 0-1


[Site "https://www.chess.com"]

[Event "Titled Tuesday Blitz March 01 Early 2022"]
[White "Kucuksari, Kaan"]
[Black "Karttunen, Mika"]
[WhiteFideId "6380166"]
[BlackFideId "502081"]
[WhiteElo "2305"]
[BlackElo "2343"]
[Result "0-1"]
[Round "08"]
[TimeControl "180+1"]
[Date "2022.03.01"]
[WhiteClock "0:00:02"]
[BlackClock "0:00:11"]

1. d4 Nf6 2. c4 g6 3. g3 Bg7 4. Bg2 O-O 5. Nf3 d6 6. O-O c6 7. Nc3 Bf5 8. Qb3 Qb6 9. Qxb6 axb6 10. b3 Ne4 11. Bb2 Nxc3 12. Bxc3 Be4 13. Rfc1 e6 14. Bf1 Bxf3 15. exf3 d5 16. f4 Rd8 17. cxd5 Rxd5 18. Bg2 Rd8 19. a4 Na6 20. Rd1 Nc7 21. Rac1 h5 22. Kf1 Rd7 23. Ke2 Rad8 24. Rd2 Nd5 25. Bb2 Ne7 26. Rcd1 Nf5 27. Be4 Nxd4+ 28. Bxd4 Bxd4 29. Rd3 Kg7 30. h4 c5 31. R3d2 Ra8 32. Bd3 Ra5 33. Bb5 Re7 34. Kf3 f6 35. Bd3 Ra8 36. Re2 e5 37. f5 b5 38. axb5 gxf5 39. Bxf5 Ra3 40. Rd3 Ra5 41. g4 hxg4+ 42. Kxg4 Rxb5 43. f4 Rb4 44. Re4 Kh6 45. Kf3 Rg7 46. Bg4 Rb6 47. f5 Ra6 48. Re2 Ra1 49. Rg2 Rf1+ 50. Ke4 Rf4+ 51. Kd5 Rfxg4 52. Ra2 e4 53. Rd1 e3 54. Ra8 e2 55. Re1 Rg2 56. Re8 Bc3 57. R1xe2 Rxe2 58. Rxe2 Bd4 59. Re8 Kh5 60. Rh8+ Kg4 61. Ke6 b5 62. h5 Kg5 63. h6 Rb7 64. h7 Kh6 65. Kd5 Rxh7 66. Re8 Rd7+ 67. Ke6 Rc7 68. Rg8 Kh5 69. Rg2 Kh4 70. Rd2 Be5 71. Ra2 c4 72. bxc4 bxc4 73. Rc2 c3 74. Kd5 Rb7 75. Ke4 Kg3 76. Re2 Rb2 77. Re3+ Kf2 78. Rh3 c2 79. Rf3+ Kg2 0-1


[Site "https://www.chess.com"]

[Event "Titled Tuesday Blitz March 01 Early 2022"]
[White "Kukhmazov, Arsen"]
[Black "Di Nicolantonio, Lucas"]
[WhiteFideId "24108260"]
[BlackFideId "680460"]
[WhiteElo "2487"]
[BlackElo "2381"]
[Result "0-1"]
[Round "08"]
[TimeControl "180+1"]
[Date "2022.03.01"]
[WhiteClock "0:00:03"]
[BlackClock "0:00:04"]

1. d4 d5 2. c4 e6 3. Nc3 c6 4. e4 Bb4 5. Bd3 Ne7 6. Nf3 O-O 7. O-O c5 8. a3 Bxc3 9. bxc3 Nbc6 10. Be3 dxc4 11. Bxc4 b6 12. dxc5 Qc7 13. cxb6 axb6 14. Bb5 Rd8 15. Qe2 Bb7 16. Rfc1 h6 17. a4 Ng6 18. g3 Rd6 19. c4 Rdd8 20. c5 bxc5 21. Rxc5 Rac8 22. Rac1 Qd6 23. h4 Nge5 24. Nxe5 Nxe5 25. Rxc8 Bxc8 26. Bf4 Bb7 27. a5 Qd4 28. Re1 Rc8 29. a6 Ba8 30. Qe3 Qb4 31. Bxe5 Qxb5 32. Ba1 Qxa6 33. Qd4 f6 34. e5 f5 35. Qd6 Qc6 36. Qxe6+ Qxe6 0-1


[Site "https://www.chess.com"]

[Event "Titled Tuesday Blitz March 01 Early 2022"]
[White "Lakshmi C"]
[Black "Martic, Ivan"]
[WhiteFideId "25035347"]
[BlackFideId "929301"]
[WhiteElo "1775"]
[BlackElo "2290"]
[Result "1-0"]
[Round "08"]
[TimeControl "180+1"]
[Date "2022.03.01"]
[WhiteClock "0:02:01"]
[BlackClock "0:01:16"]

1. d4 Nf6 2. c4 e6 3. Nc3 Bb4 4. a3 Bxc3+ 5. bxc3 c5 6. Nf3 O-O 7. e3 Nc6 8. Bd3 b6 9. O-O Na5 10. e4 Ba6 11. e5 Ne8 12. Bxh7+ Kxh7 13. Ng5+ Kg6 14. Qd3+ f5 15. exf6+ Kxf6 16. Nh7+ 1-0


[Site "https://www.chess.com"]

[Event "Titled Tuesday Blitz March 01 Early 2022"]
[White "Manolache, Marius"]
[Black "Garriga Cazorla, Pere"]
[WhiteFideId "1201530"]
[BlackFideId "32011601"]
[WhiteElo "2389"]
[BlackElo "2458"]
[Result "1-0"]
[Round "08"]
[TimeControl "180+1"]
[Date "2022.03.01"]
[WhiteClock "0:00:43"]
[BlackClock "0:00:16"]

1. d4 Nf6 2. c4 e6 3. Nf3 d5 4. Nc3 dxc4 5. e3 a6 6. Bxc4 b5 7. Be2 Bb7 8. O-O Nbd7 9. a4 b4 10. Na2 c5 11. Bd2 a5 12. Nc1 Be7 13. Nb3 O-O 14. Bb5 Qb6 15. Qe2 Rfd8 16. Rfc1 Rac8 17. h3 h6 18. Be1 Bd5 19. Nxc5 Nxc5 20. dxc5 Bxc5 21. Ne5 Ba8 22. Nc4 Qb7 23. f3 Qa7 24. Bf2 Nd5 25. Rc2 Bc6 26. Bxc6 Rxc6 27. Ne5 Rc7 28. Rac1 Rdc8 29. Nd3 Bxe3 30. Bxe3 Rxc2 31. Bxa7 Rxe2 32. Rxc8+ Kh7 33. Rc5 Rd2 34. Ne5 Nf4 35. Rxa5 Rxg2+ 36. Kf1 Rxb2 37. Rb5 f6 38. Nc6 Nd3 39. a5 e5 40. a6 Ra2 41. Na5 Kg6 42. Be3 b3 43. a7 b2 44. a8=Q 1-0


[Site "https://www.chess.com"]

[Event "Titled Tuesday Blitz March 01 Early 2022"]
[White "Martin Duque, Jesus"]
[Black "Arabidze, Meri"]
[WhiteFideId "2208954"]
[BlackFideId "13604040"]
[WhiteElo "2243"]
[BlackElo "2329"]
[Result "1-0"]
[Round "08"]
[TimeControl "180+1"]
[Date "2022.03.01"]
[WhiteClock "0:01:12"]
[BlackClock "0:00:41"]

1. e4 c5 2. Nf3 e6 3. d4 cxd4 4. Nxd4 Nc6 5. Nc3 a6 6. Nxc6 bxc6 7. Bd3 d5 8. O-O Nf6 9. e5 Nd7 10. Re1 Bb7 11. Qg4 c5 12. Bg5 Qc7 13. Bf4 h5 14. Qg3 h4 15. Qg4 h3 16. Rad1 hxg2 17. Bg6 fxg6 18. Qxg6+ Kd8 19. Bg5+ Be7 20. Bxe7+ Kxe7 21. Qxg7+ Ke8 22. Qxh8+ Nf8 23. Rd3 Qf7 24. Rg3 Qf5 25. Rg8 d4 26. Na4 Rc8 27. Nb6 Rc7 28. Nc4 1-0


[Site "https://www.chess.com"]

[Event "Titled Tuesday Blitz March 01 Early 2022"]
[White "Martinez, Shawn"]
[Black "Domingo Nunez, Alejandro"]
[WhiteFideId "2039770"]
[BlackFideId "22245561"]
[WhiteElo "2174"]
[BlackElo "2215"]
[Result "1-0"]
[Round "08"]
[TimeControl "180+1"]
[Date "2022.03.01"]
[WhiteClock "0:00:14"]
[BlackClock "0:00:05"]

1. e4 c6 2. d4 g6 3. Nc3 Bg7 4. Bg5 d5 5. exd5 cxd5 6. Qd2 Nc6 7. Nf3 Bg4 8. Bb5 Bxf3 9. gxf3 Nf6 10. O-O-O O-O 11. h4 Nh5 12. Bxc6 bxc6 13. Bh6 Qd6 14. Bxg7 Kxg7 15. Kb1 Qf6 16. Qd3 Rfe8 17. Na4 e5 18. dxe5 Rxe5 19. Qc3 Rae8 20. Nc5 Nf4 21. Nd7 Ne2 22. Qc5 Qe7 23. Qxc6 Rf5 24. Rxd5 Nf4 25. Qc3+ Kh6 26. Rxf5 gxf5 27. Rg1 Ng6 28. Nf6 Rd8 29. h5 Qe2 30. a4 Qxf2 31. Rh1 Nf4 32. Qc7 Qxf3 33. Rg1 Rd1+ 34. Rxd1 Qxd1+ 35. Ka2 Qd5+ 36. Nxd5 1-0


[Site "https://www.chess.com"]

[Event "Titled Tuesday Blitz March 01 Early 2022"]
[White "Matlakov, Maxim"]
[Black "Caruana, Fabiano"]
[WhiteFideId "4168003"]
[BlackFideId "2020009"]
[WhiteElo "2845"]
[BlackElo "2975"]
[Result "0-1"]
[Round "08"]
[TimeControl "180+1"]
[Date "2022.03.01"]
[WhiteClock "0:00:01"]
[BlackClock "0:00:12"]

1. e4 e5 2. Nf3 Nc6 3. Bc4 Nf6 4. d3 Bc5 5. a4 d6 6. a5 a6 7. c3 h6 8. O-O O-O 9. h3 Be6 10. Bxe6 fxe6 11. Be3 Bxe3 12. fxe3 d5 13. Nbd2 Qd6 14. Qc2 Rad8 15. d4 exd4 16. exd4 e5 17. exd5 Qxd5 18. dxe5 Nxe5 19. Nxe5 Qxe5 20. Nf3 Qe4 21. Qb3+ Qd5 22. Qb4 c5 23. Qa4 Qe4 24. Rfe1 Qxa4 25. Rxa4 Rfe8 26. Rxe8+ Rxe8 27. Rc4 Nd7 28. b4 Rc8 29. Kf2 Kf7 30. Ke3 Ke6 31. Re4+ Kd6 32. Rf4 Nf6 33. Kd3 Nd5 34. Rc4 Rc7 35. Nd2 cxb4 36. Ne4+ Ke5 37. Rxc7 Nxc7 38. cxb4 Nd5 39. Nc5 Nxb4+ 40. Kc4 Nc6 41. Nxb7 Kf4 42. Kd5 Nxa5 43. Nxa5 Kg3 44. Ke5 Kxg2 45. Kf5 Kxh3 46. Kg6 Kg4 47. Nc4 h5 48. Ne3+ Kf4 49. Nd5+ Ke4 0-1


[Site "https://www.chess.com"]

[Event "Titled Tuesday Blitz March 01 Early 2022"]
[White "Matveeva, Olga"]
[Black "Rodchenkov, Sergey D."]
[WhiteFideId "24107018"]
[BlackFideId "4168712"]
[WhiteElo "2083"]
[BlackElo "2306"]
[Result "0-1"]
[Round "08"]
[TimeControl "180+1"]
[Date "2022.03.01"]
[WhiteClock "0:00:06"]
[BlackClock "0:00:13"]

1. d4 d5 2. c4 dxc4 3. Nf3 Nf6 4. e3 e6 5. Bxc4 c5 6. O-O a6 7. Bd3 b5 8. Re1 Bb7 9. e4 cxd4 10. Nxd4 Nbd7 11. Bg5 Bc5 12. Bc2 Qb6 13. Be3 Nxe4 14. Nc3 Nxc3 15. bxc3 O-O 16. Nxe6 Qc6 17. Nf4 Nf6 18. Bxc5 Qxc5 19. Qd3 Qg5 20. Qg3 Qxg3 21. hxg3 Rac8 22. Ne2 Rfe8 23. a4 Nd5 24. axb5 axb5 25. Kf1 g6 26. Bb3 Nxc3 27. Nxc3 Rxe1+ 28. Rxe1 Rxc3 29. Re8+ Kg7 30. Ba2 b4 31. Re7 b3 32. Rxb7 bxa2 33. Ra7 Rc1+ 0-1


[Site "https://www.chess.com"]

[Event "Titled Tuesday Blitz March 01 Early 2022"]
[White "Mena, Ailen Oriana"]
[Black "Vifleemskaia, Svetlana"]
[WhiteFideId "3902773"]
[BlackFideId "4129490"]
[WhiteElo "1534"]
[BlackElo "1901"]
[Result "1-0"]
[Round "08"]
[TimeControl "180+1"]
[Date "2022.03.01"]
[WhiteClock "0:00:55"]
[BlackClock "0:00:44"]

1. e4 e5 2. Nf3 Nc6 3. Bb5 a6 4. Ba4 Nf6 5. d4 b5 6. Bb3 Nxd4 7. Nxd4 exd4 8. e5 Ne4 9. Qf3 d5 10. exd6 Qxd6 11. Qxe4+ Qe7 12. Qxe7+ Bxe7 13. Bd5 Rb8 14. Bf4 Bd8 15. Be5 Rb6 16. Bxg7 Rg8 17. Be5 Rg5 18. f4 Rh5 19. Bf3 Rhh6 20. Bxd4 Rbe6+ 21. Kf2 Be7 22. Bg4 Re4 23. Bxc8 Rxd4 24. g3 Rd2+ 25. Nxd2 1-0


[Site "https://www.chess.com"]

[Event "Titled Tuesday Blitz March 01 Early 2022"]
[White "Mikhailov, Viacheslav"]
[Black "Wong, Yinn Long"]
[WhiteFideId "4187369"]
[BlackFideId "5707684"]
[WhiteElo "2381"]
[BlackElo "2055"]
[Result "1/2-1/2"]
[Round "08"]
[TimeControl "180+1"]
[Date "2022.03.01"]
[WhiteClock "0:00:23"]
[BlackClock "0:00:30"]

1. Nf3 c5 2. g3 g6 3. Bg2 Bg7 4. O-O Nc6 5. c3 d6 6. d4 cxd4 7. cxd4 Nf6 8. d5 Nb8 9. Nc3 O-O 10. Bf4 Bg4 11. Qd2 Bxf3 12. Bxf3 Nbd7 13. Bh6 Rc8 14. Bxg7 Kxg7 15. Rac1 Ne5 16. Qd4 Rc4 17. Qxa7 Nxf3+ 18. exf3 Qd7 19. Ne4 Rxc1 20. Rxc1 Nxd5 21. Qd4+ Nf6 22. Nxf6 exf6 23. Kg2 Rd8 24. Qd5 Qe7 25. b4 Rd7 26. b5 Qe2 27. a4 Qb2 28. Rc4 Re7 29. Qxd6 Re2 30. Qd4 Qa2 31. Rc1 Rd2 32. Qb6 Qd5 33. Rc7 h5 34. Qxb7 Rxf2+ 35. Kxf2 Qd2+ 36. Kg1 Qe1+ 37. Kg2 Qe2+ 38. Kg1 Qe1+ 39. Kg2 Qe2+ 40. Kg1 Qe1+ 1/2-1/2


[Site "https://www.chess.com"]